 Dungeon Crawl Stone Soup version 0.21.1-1-g345015f (webtiles) character file.

45 Mgcat the Skirmisher (level 3, -5/45 HPs)
             Began as a Human Berserker on Feb 28, 2018.
             Was a Believer of Trog.
             Slain by a gnoll
             ... wielding a +0 whip
              (7 damage)
             ... on level 1 of the Dungeon.
             The game lasted 00:03:00 (1459 turns).

Mgcat the Skirmisher (Human Berserker)              Turns: 1459, Time: 00:03:01

Health: -5/45      AC:  2    Str: 22    XL:     3   Next: 90%
Magic:  3/3        EV: 12    Int:  7    God:    Trog [**....]
Gold:   64         SH:  0    Dex: 13    Spells: 2/2 levels left

rFire    . . .     SeeInvis .   a - +0 hand axe
rCold    . . .     Gourm    .   (no shield)
rNeg     . . .     Faith    .   b - +0 animal skin
rPois    .         Spirit   .   (no helmet)
rElec    .         Reflect  .   (no cloak)
rCorr    .         Harm     .   (no gloves)
MR       .....                  (no boots)
Stlth    ..........             (no amulet)
HPRegen  0.15/turn              (no ring)
MPRegen  0.08/turn              (no ring)

@: berserking, very quick
A: no striking features
a: Berserk, Trog's Hand, Burn Spellbooks, Renounce Religion


You were on level 1 of the Dungeon.
You worshipped Trog.
Trog was pleased with you.
You were hungry.

You visited 1 branch of the dungeon, and saw 2 of its levels.

You collected 64 gold pieces.

Inventory:

Hand Weapons
 a - a +0 hand axe (weapon)
Armour
 b - a +0 animal skin (worn)
Scrolls
 d - a scroll of enchant weapon {unknown}
 e - a scroll of identify {unknown}
 f - a scroll of fog {unknown}
 g - 2 scrolls of remove curse {unknown}
 h - a scroll of teleportation {unknown}
Comestibles
 c - 2 rations
 i - 2 chunks of flesh {@w0}


   Skills:
 + Level 3.8 Fighting
 + Level 3.8 Axes
 - Level 2.0 Armour
 - Level 2.0 Dodging


You had 2 spell levels left.
You didn't know any spells.

Dungeon Overview and Level Annotations

Branches:
Dungeon (2/15)

Altars:


Message History

The giant cockroach closely misses you.
You hit the giant cockroach.
The giant cockroach is severely wounded.
The giant cockroach misses you.
You hit the giant cockroach.
You kill the giant cockroach!
Trog accepts your kill.
The kobold throws a stone.
The stone hits you but does no damage. The kobold hits you.
Things that are here:
a stone; a kobold corpse You barely miss the kobold.
The kobold hits you.
You barely miss the kobold. The kobold hits you.
You hit the kobold.
You kill the kobold!
Trog accepts your kill.
No target in view!
No target in view!
Things that are here:
3 stones; a leather armour A bat comes into view.
The bat is too close now for your liking.
The bat closely misses you. The bat closely misses you.
The bat barely misses you. The bat hits you.
You miss the bat. The bat hits you but does no damage. The bat misses you.
You closely miss the bat. The bat barely misses you. The bat hits you.
The bat barely misses you. The bat hits you but does no damage.
The bat misses you.
You hit the bat but do no damage. The bat hits you but does no damage.
The bat closely misses you. The bat hits you but does no damage.
You completely miss the bat. The bat hits you but does no damage.
You hit the bat.
You kill the bat!
Trog accepts your kill.
No target in view!
No target in view!
Found an escape hatch in the ceiling.
A worm comes into view.
A worm is nearby!
There is an escape hatch in the ceiling here.
The worm bites you.
You hit the worm.
The worm is lightly wounded.
You hit the worm.
The worm is moderately wounded.
The worm barely misses you.
You hit the worm.
The worm is moderately wounded.
The worm closely misses you.
You hit the worm.
The worm is heavily wounded.
You hit the worm.
The worm is almost dead.
The worm bites you.
You barely miss the worm.
The worm is severely wounded.
The worm closely misses you.
You hit the worm.
You kill the worm!
Trog accepts your kill.
No target in view!
You butcher the worm corpse.
i - 3 chunks of flesh {@w0} Eating one of 3 chunks of flesh {@w0}.
You eat one of the 3 chunks of flesh {@w0}.
This raw flesh tastes terrible.
The gnoll shouts! x2
The gnoll is too close now for your liking.
You start resting.
You barely miss the gnoll. The gnoll hits you with a whip.
The gnoll shouts! x2
The gnoll hits you with a whip. The gnoll closely misses you.
The gnoll barely misses you.
The gnoll hits you from afar with a halberd!
* * * LOW HITPOINT WARNING * * *
There is an escape hatch in the ceiling here.
The gnoll closely misses you. The gnoll hits you with a whip.
* * * LOW HITPOINT WARNING * * *
The gnoll barely misses you. A mysterious force pulls you upwards.
The hatch slams shut behind you.
A red film seems to cover your vision as you go berserk!
You feel yourself moving faster!
You feel mighty!
You are feeling hungry.
The gnoll barely misses you.
The gnoll hits you with a whip of electrocution.
* * * LOW HITPOINT WARNING * * *
You barely miss the gnoll. x2; The gnoll barely misses you.
The gnoll hits you with a whip of electrocution.
* * * LOW HITPOINT WARNING * * *
You hit the gnoll.
The gnoll is heavily wounded.
You slash the gnoll! You closely miss the gnoll.
The gnoll is heavily wounded.
You barely miss the gnoll. The gnoll hits you with a whip!
You die...

.# #.# #.# #.....# #..#
.#######.######.# ####### #..#
................# #..##
.#######.####################...#
.#..............................#
.#...........................#..#
.#.............#.................
.#.#####.#####.#g#########.#####.
...#####.# #.#@#.......#.#.....
...#...#.# #.#g##.#..#.#.#.###.
...#.#.#.# #.#.#.....#.#.#.....
.#.#.#.#.# #.#.#.....#.#.#####.
.#...#.#.# #.#.#.....#.#.# #.
.#...#.#.# #.#.......#.#.# #.
.#...#.#.#####.#.#######.#.# #.
.#.#.........#...........#.# #.
.#.#...#.###.#.###########.# #.


You could see 2 gnolls.

Vanquished Creatures
  An adder (D:1)
  A worm (D:2)
  A dart slug (D:1)
  A leopard gecko (D:1)
  2 giant cockroaches (D:2)
  5 hobgoblins
  4 jackals (D:1)
  5 bats
  A frilled lizard (D:1)
  2 goblins
  2 kobolds (D:2)
  3 rats (D:1)
28 creatures vanquished.

Notes
Turn   | Place    | Note
-------+----------+-------------------------------------------
     0 | D:1      | Mgcat the Human Berserker began the quest for the Orb.
     0 | D:1      | Reached XP level 1. HP: 18/18 MP: 1/1
    69 | D:1      | Reached XP level 2. HP: 17/24 MP: 2/2
   528 | D:1      | Reached XP level 3. HP: 29/29 MP: 3/3
   976 | D:1      | HP: 7/29 [poisoned by an adder]
   982 | D:1      | HP: 8/45 [poisoned by an adder]
   988 | D:1      | HP: 4/30 [poisoned by an adder]
   993 | D:1      | HP: 3/30 [poisoned by an adder]
  1367 | D:2      | Reached ** piety under Trog
  1454 | D:2      | HP: 6/30 [gnoll/whip (3)]
  1457 | D:1      | HP: 1/45 [gnoll/whip of electrocution (5)]
  1459 | D:1      | Slain by a gnoll

Action                   || total
-------------------------++-------
Melee: Hand axe          ||    88
Invok: Berserk           ||     3
  Use: Potion            ||     1
 Stab: Sleeping          ||     2
  Eat: Chunk             ||     4
Armor: Animal skin       ||    23
Dodge: Dodged            ||    58

Vault maps used:
D:1:      saegor_arrival_simple_d
D:2:      nicolae_overflow_crystal_walls, first_ration, uniq_crazy_yiuf_cottage

Table legend:
 A = Turns spent in this place as a percentage of turns spent in the entire game.
 B = Non-inter-level travel turns spent in this place as a percentage of non-inter-level travel turns spent in the entire game.
 C = Inter-level travel turns spent in this place as a percentage of turns spent in this place.
 D = Turns resting spent in this place as a percentage of non-inter-level travel turns spent in this place.
 E = Turns spent auto-exploring this place as a percentage of non-inter-level travel turns spent in this place.
 F = Non-inter-level travel turns spent in this place divided by the number of levels of this place that you've seen.
                   A       B       C       D       E      F
               +-------+-------+-------+-------+-------+----------------------
         Total | 100.0 | 100.0 |   7.5 |  17.8 |  63.9 | 675.0
       Dungeon | 100.0 | 100.0 |   7.5 |  17.8 |  63.9 | 675.0
               +-------+-------+-------+-------+-------+----------------------

Table legend:
 A = Kills in this place as a percentage of kills in entire the game.
 B = Kills by you in this place as a percentage of kills by you in the entire game.
 C = Kills by friends in this place as a percentage of kills by friends in the entire game.
 D = Other kills in this place as a percentage of other kills in the entire game.
 E = Experience gained in this place as a percentage of experience gained in the entire game.
 F = Experience gained in this place divided by the number of levels of this place that you have seen.
                   A       B       C       D       E      F
               +-------+-------+-------+-------+-------+----------------------
         Total | 100.0 | 100.0 |   N/A |   N/A | 100.0 |  32.5
       Dungeon | 100.0 | 100.0 |   N/A |   N/A | 100.0 |  32.5
               +-------+-------+-------+-------+-------+----------------------
